 Dungeon Crawl Stone Soup version 0.31.0-9-g3a7656b989 (webtiles) character file.

Game seed: 16006954856802970792

59 qw the Shooter (level 3, -1/18 HPs)
             Began as a Spriggan Hunter on Feb 2, 2024.
             Slain by a black bear (2 damage)
             ... on level 2 of the Dungeon.
             The game lasted 00:00:04 (1151 turns).

qw the Shooter (Spriggan Hunter)                    Turns: 1151, Time: 00:00:05

Health: -1/18      AC:  2    Str:  7    XL:     3   Next: 78%
Magic:  4/4        EV: 19    Int: 10    God:
Gold:   69         SH:  0    Dex: 20    Spells: 2/2 levels left

rFire   . . .        a - +0 shortbow
rCold   . . .        (shield currently unavailable)
rNeg    . . .        c - +0 robe
rPois   .            (helmet restricted)
rElec   .            (no cloak)
rCorr   .            (gloves unavailable)
SInv    +            (boots unavailable)
Will    .....        (no amulet)
Stlth   ++           (no ring)
HPRegen 0.23/turn    (no ring)
MPRegen 0.09/turn

%: no passive effects
@: very quick
A: very small, no large weapons, unfitting armour, see invisible, speed 3
a: no special abilities


You were on level 2 of the Dungeon.
You visited 1 branch of the dungeon, and saw 2 of its levels.

You collected 69 gold pieces.


Innate Abilities, Weirdness & Mutations

You are very small and have problems with some larger weapons.
You are too small for most types of armour.
You have supernaturally acute eyesight. (SInv)
You cover ground extremely quickly. (Speed+++)


   Skills:
 - Level 1.5 Fighting
 - Level 5.0 Ranged Weapons
 + Level 4.0 Dodging
 - Level 1.5 Stealth


You had 2 spell levels left.
You didn't know any spells.
Your spell library was empty.

Inventory:

Hand Weapons
 a - a +0 shortbow (weapon)
Armour
 c - a +0 robe (worn)
Scrolls
 e - a scroll of enchant armour {unknown}
 g - 3 scrolls of identify
 h - 2 scrolls of teleportation
Potions
 b - a potion of mutation {unknown}
 d - 2 potions of curing
 f - a potion of heal wounds {unknown}

Dungeon Overview and Level Annotations

Branches:
Dungeon (2/15)

Altars:
Zin


Message History

You see here an adder corpse.
d - 2 potions of curing (gained 1)
There is a glowing silver altar of Zin here.
g - 3 scrolls of identify (gained 1) As you open the door, it creaks loudly!
There is an open door here.
A black bear comes into view.
Enter note:
Enter note:
Enter note:
Enter note:
Enter note:
Enter note:
Enter note:
Enter note: You shoot an arrow.
The arrow hits the black bear.
The black bear is lightly wounded.
You shoot an arrow.
The arrow closely misses the black bear.
You shoot an arrow. The arrow hits the black bear.
The black bear is lightly wounded.
You shoot an arrow.
The arrow hits the black bear but does no damage.
The black bear is lightly wounded.
You shoot an arrow. The arrow barely misses the black bear.
You shoot an arrow. The arrow hits the black bear.
The black bear is moderately wounded.
You shoot an arrow. The arrow hits the black bear.
The black bear is heavily wounded.
The black bear barely misses you. The black bear claws you. x2
The black bear bites you. The black bear closely misses you.
The black bear completely misses you.
You shoot an arrow. The arrow hits the black bear.
The black bear is severely wounded.
The black bear misses you. The black bear barely misses you.
The black bear closely misses you.
You shoot an arrow. The arrow hits the black bear!
The black bear is almost dead.
The black bear bites you. The black bear claws you.
You die...

... #....####.######............
...###...<.......................
........###..########............
........# ...#######........####+
#.......# #.........######.#....
#.......# #.........# #.#.###
........# #.........######...#
###..#..# #.................##
#.<...# #....@...........##
#.###.# #....h...........# ... .#
#...............## ..## ##
#...............##### ..
#..........>..###... .
#.............###.#### .
#..........###.......#
#.....................
.........##.......#


You could see a black bear.

Vanquished Creatures
  2 adders (D:2)
  3 dart slugs (D:1)
  2 endoplasms
  2 giant cockroaches
  5 hobgoblins
  2 ball pythons
  4 bats
  2 frilled lizards
  4 goblins (D:1)
  5 kobolds
  5 rats (D:1)
36 creatures vanquished.

Notes
Turn   | Place    | Note
-------+----------+-------------------------------------------
     0 | D:1      | qw the Spriggan Hunter began the quest for the Orb.
     0 | D:1      | Reached XP level 1. HP: 10/10 MP: 2/2
     0 | D:1      | 0 ||| qw: Version: 0.3-a-155-g5e7d8dd
     0 | D:1      | 0 ||| qw: Game counter: 1638
     0 | D:1      | 0 ||| qw: Melee chars always use a shield: true
     0 | D:1      | 0 ||| qw: God list: Okawaru
     0 | D:1      | 0 ||| qw: Allow faded altars: false
     0 | D:1      | 0 ||| qw: Do Orc after clearing Dungeon:15 true
     0 | D:1      | 0 ||| qw: Do second Lair branch before Depths: true
     0 | D:1      | 0 ||| qw: Lair rune preference: random
     0 | D:1      | 0 ||| qw: Goals: Normal
     0 | D:1      | 0 ||| PLANNING D:1-11
    47 | D:1      | Reached skill level 3 in Dodging
   100 | D:1      | Reached XP level 2. HP: 14/14 MP: 3/3
   514 | D:1      | Reached XP level 3. HP: 18/18 MP: 4/4
   810 | D:1      | 810 ||| READING scroll labelled DADEC PASA KAK.
   810 | D:1      | 810 ||| IDENTIFYING fuming black potion
   811 | D:1      | 811 ||| READING scroll labelled JUNWUV LUFUSHATZ.
   812 | D:1      | 812 ||| READING scroll labelled MECOMA MAOMATA.
   817 | D:1      | 817 ||| READING scroll labelled PIAMOYGIOM.
   818 | D:1      | 818 ||| DROPPING scroll of butterflies.
  1002 | D:2      | Found a faded altar of an unknown god.
  1025 | D:2      | Found a glowing silver altar of Zin.
  1037 | D:2      | Reached skill level 5 in Ranged Weapons
  1142 | D:2      | Noticed a black bear
  1151 | D:2      | HP: 1/18 [black bear (6)]
  1151 | D:2      | Slain by a black bear

Levels and vault maps discovered:
D:1:      elethiomel_arrival_infinity_welcomes_careful_drivers, layout_basic
D:2:      layout_basic, basic_altar, shapermc_ecumenical_altar_rom_forum,
          uniq_crazy_yiuf_cottage

Skill      XL: |  1  2  3 |
---------------+----------+-----
Dodging        | 3 4 |  4.0
Ranged Weapons | 5 |  5.0
Fighting       | |  1.5
Stealth        | |  1.5

Action                     || total
---------------------------++-------
   Fire: Shortbow          ||   114
    Use: Scroll            ||     4
 Armour: Robe              ||    18
  Dodge: Dodged            ||    35

Table legend:
 A = Non-vault XP
 B = Vault XP
 C = Vault XP percentage of total XP
 D = Non-vault monster count
 E = Vault monster count
 F = Vault count percentage of total count
                 A         B        C        D         E       F
            +---------+---------+-------+---------+---------+-------
      Total |      85 |       0 |   0.0 |      36 |       0 |   0.0
            +---------+---------+-------+---------+---------+-------
        D:1 |      47 |       0 |   0.0 |      27 |       0 |   0.0
        D:2 |      38 |       0 |   0.0 |       9 |       0 |   0.0
            +---------+---------+-------+---------+---------+-------
